 Dungeon Crawl Stone Soup version 0.29-a0-96-g93358da72b (webtiles) character file.

Game seed: 11645826428531901343

2 cyrus the Caller (level 1, -1/13 HPs)
             Began as a Merfolk Summoner on Feb 11, 2022.
             Slain by a kobold (3 damage)
             ... on level 1 of the Dungeon.
             The game lasted 00:00:25 (53 turns).

cyrus the Caller (Merfolk Summoner)                   Turns: 53, Time: 00:00:25

Health: -1/13      AC:  2    Str:  8    XL:     1   Next: 30%
Magic:  1/3        EV: 12    Int: 14    God:
Gold:   0          SH:  0    Dex: 14    Spells: 3/4 levels left

rFire   . . .      SeeInvis .   (no weapon)
rCold   . . .      Faith    .   (no shield)
rNeg    . . .      Spirit   .   a - +0 robe
rPois   .          Reflect  .   (no helmet)
rElec   .          Harm     .   (no cloak)
rCorr   .          Rampage  .   (no gloves)
Will    .....                   (no boots)
Stlth   ++........              (no amulet)
HPRegen 0.04/turn               (no ring)
MPRegen 0.08/turn               (no ring)

@: no status effects
A: (nimble swimmer 2), mertail
a: no special abilities


You were on level 1 of the Dungeon.
You visited 1 branch of the dungeon, and saw 1 of its levels.

Inventory:

Armour
 a - a +0 robe (worn)


   Skills:
 + Level 2.7 Dodging
 + Level 2.2 Stealth
 + Level 2.0 Spellcasting
 + Level 4.1 Summonings


You had 3 spell levels left.
You knew the following spells:

 Your Spells              Type           Power      Damage    Failure   Level
a - Summon Small Mammal   Summ           48%        N/A       4%          1

Your spell library contained the following spells:

 Spells                   Type           Power      Damage    Failure   Level
 Call Imp                 Summ           12%        N/A       7%          2
 Call Canine Familiar     Summ           12%        N/A       13%         3
 Summon Guardian Golem    Hex/Summ       7%         N/A       30%         3
 Summon Lightning Spire   Summ/Air       7%         N/A       71%         4


Dungeon Overview and Level Annotations

Branches:
Dungeon (1/15)

Altars:


Innate Abilities, Weirdness & Mutations

((You are very nimble when in or above water. (Stealth+, EV+, Speed+++)))
Your lower body shifts to a powerful aquatic tail in water.


Message History

Your bat dies!
Your bat's corpse disappears in a puff of smoke!
Your rat bites the ball python.
The ball python dies!
The kobold hits you with a +0 short sword.
The kobold throws a stone.
The stone hits you but does no damage.
Your rat bites the kobold.
You hit the kobold but do no damage.
The kobold is moderately wounded.
The kobold hits you with a +0 short sword.
Your rat completely misses the kobold.
You closely miss the kobold.
The kobold is moderately wounded.
The kobold barely misses you.
Your rat bites the kobold.
You closely miss the kobold.
The kobold is heavily wounded.
The kobold hits you but does no damage.
The kobold throws a stone.
The stone hits you.
Your rat bites the kobold.
The kobold dies!
A bat comes into view.
Things that are here:
a +0 short sword; a kobold corpse You barely miss the kobold.
The kobold hits you with a +0 club.
You hit the kobold.
The kobold is moderately wounded.
The kobold closely misses you.
You barely miss the kobold. You punch the kobold, but do no damage.
The kobold is moderately wounded.
Your rat misses the kobold. The kobold hits you with a +0 club.
You barely miss the kobold.
The kobold is moderately wounded.
Your rat misses the kobold. The kobold hits you with a +0 club.
* * * LOW HITPOINT WARNING * * *
You barely miss the kobold.
The kobold is moderately wounded.
Your rat misses the kobold. The kobold barely misses you.
You hit the kobold.
The kobold is heavily wounded.
Your rat closely misses the kobold.
The kobold hits you with a +0 club.
You die...

## #. ######.
.......##
........#######
...............
......K@...b..#
.......r..###.#
..........#
.#######.######
###...###......#
##.......##....#..(#
#.........###.##(.#
#....8....##....#
#...........##...#


You could see a bat, a kobold (ally target) and a friendly rat (summoned).

Vanquished Creatures (collateral kills)
  A kobold (D:1)
  A ball python (D:1)
2 creatures vanquished.

Notes
Turn   | Place    | Note
-------+----------+-------------------------------------------
     0 | D:1      | cyrus the Merfolk Summoner began the quest for the Orb.
     0 | D:1      | Reached XP level 1. HP: 13/13 MP: 3/3
    53 | D:1      | Slain by a kobold

Illustrated notes

Levels and vault maps discovered:
D:1:      dpeg_arrival_three_same_balls, layout_rooms,
          chequers_ecumenical_altar_simple_redux, nicolae_figureground_pulse

Action                   || total
-------------------------++-------
Melee: Unarmed           ||    10
       Punch             ||     1
 Cast: Summon Small Mamm ||     3
Armor: Robe              ||     2
Dodge: Dodged            ||    12

Table legend: (Time is in decaauts)
 A = Elapsed time spent in this place.
 B = Non-inter-level travel time spent in this place.
 C = Inter-level travel time spent in this place.
 D = Time resting spent in this place.
 E = Time spent auto-exploring this place.
 F = Levels seen in this place.
 G = Mean time per level.
                   A        B        C        D        E       F      G
               +--------+--------+--------+--------+--------+-----+--------+
         Total |     53 |     50 |      3 |      0 |     15 |   1 |   53.0 |
       Dungeon |     53 |     50 |      3 |      0 |     15 |   1 |   53.0 |
               +--------+--------+--------+--------+--------+-----+--------+

Top non-repeatable levels by time:
     D:1: 53 daAuts
